 Dungeon Crawl Stone Soup version 0.28-a0-1213-g0243856f03 (webtiles) character file.

Game seed: 9739829327192406600

72636 vineage the Warrior (level 15, -4/157 HPs)
             Began as a Minotaur Fighter on Dec 21, 2021.
             Was a High Priest of Okawaru.
             Slain by a naga (9 damage)
             ... on level 1 of the Snake Pit.
             The game lasted 00:32:48 (24058 turns).

vineage the Warrior (Minotaur Fighter)             Turns: 24058, Time: 00:32:48

Health: -4/157     AC: 36    Str: 23    XL:     15   Next: 1%
Magic:  0/17       EV:  5    Int:  5    God:    Okawaru [*****.]
Gold:   2186       SH: 24    Dex: 21    Spells: 14/14 levels left

rFire   . . .      SeeInvis .   W - +3 demon whip (freeze)
rCold   . . .      Faith    .   S - +1 tower shield {reflect}
rNeg    . . .      Spirit   +   a - +1 crystal plate armour
rPois   .          Reflect  +   (helmet restricted)
rElec   .          Harm     .   R - +1 cloak {rCorr}
rCorr   +          Rampage  .   G - +2 pair of gloves
Will    +....                   B - +0 pair of boots
Stlth   ..........              u - amulet of guardian spirit
HPRegen 1.16/turn               z - +6 ring of dexterity
MPRegen 0.15/turn               U - ring of resist corrosion

@: lethally poisoned (-4 -> -38), heroic, slowed, constricted, very slow
A: horns 2, retaliatory headbutt, regeneration 1
a: Renounce Religion, Heroism, Finesse, Duel


You were on level 1 of the Snake Pit.
You worshipped Okawaru.
Okawaru was extremely pleased with you.
You visited 5 branches of the dungeon, and saw 22 of its levels.
You also visited: Sewer.

You collected 2186 gold pieces.

Inventory:

Hand Weapons
 W - a +3 demon whip of freezing (weapon)
Missiles
 V - a throwing net (quivered)
Armour
 a - a +1 crystal plate armour (worn)
 j - a scarf of resistance
 B - a +0 pair of boots (worn)
 C - a +2 cloak of stealth
 G - a +2 pair of gloves (worn)
 R - a +1 cloak of preservation (worn)
 S - a +1 tower shield of reflection (worn)
Jewellery
 b - a ring of flight
 i - a ring of protection from cold
 l - a ring of protection from cold
 u - an amulet of guardian spirit (around neck)
 w - a ring of ice
 z - a +6 ring of dexterity (left hand)
 D - a +6 ring of intelligence
 H - a ring of wizardry
 L - a ring of poison resistance
 O - a ring of see invisible
 T - the ring "Boethrui" {AC+4 Str+2}
   (You found it on level 6 of the Lair of Beasts)

   [ring of protection]

   AC:        It affects your AC (+4).
   Str:       It affects your strength (+2).
 U - a ring of resist corrosion (right hand)
Wands
 c - a wand of acid (12)
 h - a wand of paralysis (3)
 x - a wand of flame (10)
 M - a wand of iceblast (12)
Scrolls
 g - 3 scrolls of blinking
 r - a scroll of fear
 t - 7 scrolls of teleportation
 y - 2 scrolls of amnesia
 E - 2 scrolls of silence
 F - a scroll of enchant armour
 J - a scroll of magic mapping
 P - a scroll of holy word
 Q - 2 scrolls of identify
Potions
 d - 6 potions of might
 e - 3 potions of heal wounds
 f - 6 potions of curing
 k - a potion of invisibility
 m - 4 potions of haste
 n - 3 potions of attraction
 o - 2 potions of brilliance
 p - 4 potions of berserk rage
 q - 3 potions of mutation
 s - a potion of resistance
 v - a potion of magic
 A - 2 potions of flight
 I - a potion of ambrosia
 K - a potion of cancellation
 N - 3 potions of lignification


   Skills:
 - Level 20.6(25.6) Fighting
 - Level 2.4(7.4) Long Blades
 + Level 12.3(17.3) Maces & Flails
 + Level 14.8(19.8) Armour
 + Level 14.8(19.8) Shields
 - Level 5.2 Invocations


You had 14 spell levels left.
You didn't know any spells.
Your spell library contained the following spells:

 Spells                   Type           Power      Damage    Failure   Level
 Ensorcelled Hibernation  Hex/Ice        0%         N/A       100%        2
 Gell's Gravitas          Tloc           0%         N/A       100%        3
 Spider Form              Tmut/Pois      0%         N/A       100%        3
 Teleport Other           Tloc           0%         N/A       100%        3
 Dispersal                Tloc           0%         N/A       100%        6
 Borgnjor's Revivificati  Necr           0%         N/A       100%        8
 Necromutation            Tmut/Necr      0%         N/A       100%        8
 Death's Door             Necr           0%         N/A       100%        9


Dungeon Overview and Level Annotations

Branches:
Dungeon (12/15)            Temple (1/1) D:7            Lair (6/6) D:8
 Shoals (0/4) Lair:3        Snake (1/4) Lair:3        Slime (0/5) Lair:6
    Orc (2/2) D:11            Elf (0/3) Orc:2         Sewer (visited)

Altars:
Ashenzari
Cheibriados
Dithmenos
Elyvilon
Fedhas
Gozag
Kikubaaqudgha
Makhleb
Nemelex Xobeh
Okawaru
Ru
Sif Muna
Trog
Uskayaw
Wu Jian
Xom
Yredelemnul
Zin
The Shining One
Beogh

Shops:
D:2 ?   D:11 *(   Orc:1 (   Orc:2 ([?::   Snake:1 (


Innate Abilities, Weirdness & Mutations

You have a pair of horns on your head.
You reflexively headbutt those who attack you in melee.
Your natural rate of healing is unusually fast.


Message History

The naga hits you from afar with a +0 halberd!!
The naga hits you but does no damage. The naga grabs you.
You stop ascending the stairs.
The naga constricts you.
Unknown command.
You escape the naga's grasp.
You feel extremely sick. You block the naga mage's attack.
The naga mage completely misses you.
The naga mage points at you and mumbles some strange words.
The bolt of poison hits the naga mage but does no damage.
The naga mage is poisoned.
The bolt of poison hits you!
You are more poisoned.
* * * LOW HITPOINT WARNING * * *
The bolt of poison misses the naga.
The salamander hits you but does no damage.
You block the naga mage's attack. The naga mage grabs you.
You stop ascending the stairs.
The naga mage constricts you.
You block the naga mage's attack. x2; The naga hits you but does no damage.
The salamander hits you from afar with a +0 halberd.
* * * LOW HITPOINT WARNING * * *
You are engulfed in flames!
* * * LOW HITPOINT WARNING * * *
The naga mage casts a spell at you.
The bolt of poison hits you but does no damage.
You are more poisoned.
The bolt of poison hits the naga.
The naga mage constricts you. The naga mage spits poison at you.
The splash of poison hits you.
You are more poisoned.
* * * LOW HITPOINT WARNING * * *
You gain the combat prowess of a mighty hero.
* * * LOW HITPOINT WARNING * * *
You feel extremely sick. You block the naga's attack.
You block the naga mage's attack. You block the salamander's attack.
The naga mage spits poison at you.
Your +1 tower shield of reflection reflects the splash of poison!
The splash of poison hits the naga mage but does no damage.
The naga mage looks even sicker.
The naga mage constricts you.
The naga hits you from afar with a +0 halberd!
You die...

.. . .. # .#.
N#.. ..# ..
.#.#N.# #...
... .∩...# ...
..#.#..# ..#
#..#).N#.##.>##
#....N.N#!.#.#
#.##.#N#N#...#
#...NNN@.N#
#....#####..#
##### .# #


You could see 2 naga sharpshooters, a salamander, 3 naga magi and 2 nagas.

Vanquished Creatures
  Azrael (Orc:1)
  A minotaur (Orc:2)
  The ghost of aMcNicky the Cruncher, a journeyman GrFi of the Shining One (Orc:2)
  A catoblepas (Lair:6)
  2 ogre magi (Orc:2)
  10 hydras
  An anaconda (Snake:1)
  14 two-headed ogres
  A deep troll shaman (Lair:6)
  An orc high priest (Orc:1)
  18 death yaks
  2 deep trolls (Orc:1)
  A deep elf pyromancer (D:12)
  4 orc knights (Orc:1)
  A lindwurm (Lair:6)
  An oklob plant (Lair:4)
  An orc sorcerer (Orc:1)
  A salamander (Lair:4)
  14 elephants
  3 cyclopes
  2 black mambas
  Maurice (D:10)
  A naga mage (Snake:1)
  14 cane toads
  An unseen horror (D:11)
  A rime drake (Lair:3)
  Psyche (D:10)
  Maggie (D:10)
  10 komodo dragons
  A tengu conjurer (D:12)
  9 trolls
  6 polar bears
  9 blink frogs
  2 shadows
  2 wraiths
  3 wyverns
  2 basilisks
  25 yaks
  A fire elemental (Orc:1)
  3 steam dragons (D:10)
  2 nagas
  3 hell hounds (Orc:1)
  3 wargs (Orc:1)
  17 water moccasins
  5 sky beasts
  An ice beast (D:8)
  12 orc warriors
  6 black bears
  4 boggarts (Lair:5)
  24 ogres
  12 wolves
  8 centaurs
  Blork the orc (D:5)
  14 bullfrogs
  2 scorpions (D:6)
  10 killer bees (D:9)
  4 howler monkeys
  2 electric eels (Lair:1)
  4 crimson imps (D:9)
  A bullfrog zombie (D:6)
  3 centaur skeletons
  14 orc priests
  3 centaur zombies
  2 jellies
  A bullfrog skeleton (D:5)
  3 gnoll shamans
  4 hounds
  3 iguanas
  Terence (D:3)
  14 orc wizards
  A hound skeleton (D:5)
  A howler monkey zombie (D:9)
  22 gnolls
  8 adders
  A shadow imp (D:6)
  2 white imps (D:6)
  2 ufetubi (D:6)
  An adder skeleton (D:4)
  A worm (D:3)
  4 dart slugs
  61 orcs
  14 ball pythons
  7 endoplasms
  6 giant cockroaches
  10 goblins
  5 hobgoblins
  7 jackals
  6 quokkas
  3 bats
  9 frilled lizards
  13 kobolds
  5 rats
546 creatures vanquished.

Vanquished Creatures (others)
  An orc wizard (D:4)
  An orc (Orc:1)
  7 fungi
  50 plants
59 creatures vanquished.

Grand Total: 605 creatures vanquished

Notes
Turn   | Place    | Note
-------+----------+-------------------------------------------
     0 | D:1      | vineage the Minotaur Fighter began the quest for the Orb.
     0 | D:1      | Reached XP level 1. HP: 19/19 MP: 0/0
    28 | D:1      | Reached skill level 4 in Fighting
   201 | D:1      | Reached XP level 2. HP: 28/28 MP: 1/1
   331 | D:1      | Found a faded altar of an unknown god.
   882 | D:2      | Reached skill level 5 in Fighting
   887 | D:2      | Reached XP level 3. HP: 35/36 MP: 2/2
  1048 | D:2      | Reached XP level 4. HP: 43/44 MP: 3/3
  1050 | D:2      | Reached skill level 6 in Fighting
  1084 | D:2      | Found Cegryej's Magic Scroll Boutique.
  2026 | D:3      | Reached skill level 7 in Fighting
  2026 | D:3      | Reached XP level 5. HP: 49/52 MP: 4/4
  2549 | D:3      | Noticed Terence
  2559 | D:3      | Killed Terence
  2942 | D:4      | Reached skill level 8 in Fighting
  2959 | D:4      | Reached XP level 6. HP: 42/62 MP: 5/5
  3372 | D:4      | Found a glowing drain.
  3389 | Sewer    | Entered a sewer
  4160 | D:4      | Reached skill level 9 in Fighting
  4226 | D:4      | Reached XP level 7. HP: 35/70 MP: 6/6
  4707 | D:5      | Entered Level 5 of the Dungeon
  4707 | D:5      | Noticed Blork the orc
  5057 | D:5      | Reached skill level 10 in Fighting
  5203 | D:5      | Killed Blork the orc
  5204 | D:5      | Reached skill level 11 in Fighting
  5771 | D:6      | Noticed a yak
  5771 | D:6      | Noticed a yak
  5771 | D:6      | Noticed a yak
  5771 | D:6      | Noticed a yak
  5772 | D:6      | Noticed a yak
  5778 | D:5      | Killed a yak
  5779 | D:5      | Reached XP level 8. HP: 62/83 MP: 7/7
  5881 | D:5      | Reached skill level 12 in Fighting
  5907 | D:5      | Reached skill level 13 in Fighting
  6188 | D:5      | Reached skill level 14 in Fighting
  6427 | D:6      | Reached XP level 9. HP: 96/96 MP: 8/8
  6519 | D:6      | Reached skill level 1 in Maces & Flails
  7260 | D:6      | Reached skill level 5 in Shields
  7439 | D:7      | Reached skill level 5 in Armour
  7538 | D:7      | Found a staircase to the Ecumenical Temple.
  7629 | Temple   | Entered the Ecumenical Temple
  7889 | Temple   | Became a worshipper of Warmaster Okawaru
  8469 | D:8      | Found Leleuwef's Book Shoppe.
  8479 | D:8      | Identified the +0 ring mail of the Gloaming {Slay+2}
  8617 | D:8      | Reached * piety under Okawaru
  8717 | D:8      | Reached skill level 5 in Maces & Flails
  9124 | D:8      | Found a staircase to the Lair.
  9437 | D:9      | Noticed a two-headed ogre
  9795 | D:9      | Reached XP level 10. HP: 104/104 MP: 9/9
  9966 | D:9      | Found an ornate altar of the Wu Jian Council.
 10142 | D:9      | Reached ** piety under Okawaru
 10703 | D:9      | Found a shimmering altar of Xom.
 10763 | D:9      | Killed a two-headed ogre
 10857 | D:10     | Entered Level 10 of the Dungeon
 11222 | D:10     | Reached *** piety under Okawaru
 11364 | D:10     | Noticed a two-headed ogre
 11381 | D:10     | Killed a two-headed ogre
 11529 | D:10     | Identified the +9 shortbow of the Realm of Zot {freeze,
                  | Str+3}
 11636 | D:10     | Noticed Maurice
 11654 | D:10     | Paralysed by Maurice for 7 turns
 11664 | D:10     | Killed Maurice
 11670 | D:10     | Noticed Maggie
 11680 | D:10     | Killed Maggie
 11814 | D:10     | Noticed a two-headed ogre
 11815 | D:10     | Noticed Psyche
 11828 | D:10     | Killed a two-headed ogre
 11828 | D:10     | Reached **** piety under Okawaru
 11829 | D:10     | Reached XP level 11. HP: 108/111 MP: 7/10
 12449 | D:11     | Found Xazaa's Assorted Antiques.
 12454 | D:11     | Identified the +6 long sword of the Pit {flame, Fragile
                  | rElec Str+10}
 12646 | D:11     | Noticed a four-headed hydra
 12652 | D:11     | Killed a one-headed hydra
 12653 | D:11     | Reached skill level 1 in Invocations
 12789 | D:11     | Found Xeomoo's Weapon Shop.
 12844 | D:11     | Noticed a two-headed ogre
 12849 | D:11     | Killed a two-headed ogre
 13093 | D:11     | Found a staircase to the Orcish Mines.
 13137 | D:12     | Noticed a two-headed ogre
 13142 | D:12     | Killed a two-headed ogre
 13142 | D:12     | Reached ***** piety under Okawaru
 13143 | D:12     | Reached skill level 15 in Fighting
 13380 | D:12     | Noticed a two-headed ogre
 13383 | D:12     | Noticed a deep elf pyromancer
 13385 | D:12     | Killed a two-headed ogre
 13391 | D:12     | Killed a deep elf pyromancer
 13841 | D:12     | Noticed a deep elf zephyrmancer
 13841 | D:12     | Noticed a boulder beetle
 13846 | D:12     | Noticed a centaur warrior
 13849 | D:12     | Noticed a fire dragon
 14736 | Lair:1   | Entered Level 1 of the Lair of Beasts
 14742 | Lair:1   | Reached skill level 5 in Invocations
 14748 | Lair:1   | Gained mutation: Your natural rate of healing is unusually
                  | fast. [potion of mutation]
 14821 | Lair:1   | Reached skill level 16 in Fighting
 15206 | Lair:1   | Reached XP level 12. HP: 58/124 MP: 14/14
 15408 | Lair:1   | Noticed a seven-headed hydra
 15420 | Lair:1   | Killed a three-headed hydra
 15497 | Lair:1   | Reached skill level 17 in Fighting
 15838 | Lair:2   | Noticed a seven-headed hydra
 15844 | Lair:2   | Received a gift from Okawaru
 15845 | Lair:2   | Found the +5 robe of Night {Dark Will+ SInv}
 16380 | Lair:2   | Killed a three-headed hydra
 16380 | Lair:2   | Reached ****** piety under Okawaru
 16595 | Lair:3   | Reached skill level 18 in Fighting
 16716 | Lair:3   | Noticed a five-headed hydra
 16724 | Lair:3   | Killed a one-headed hydra
 16732 | Lair:3   | Found a staircase to the Snake Pit.
 16816 | Lair:3   | Found a staircase to the Shoals.
 16899 | Lair:3   | You are sucked into a shaft and drop 2 floors!
 16924 | Lair:4   | Reached skill level 19 in Fighting
 17270 | Lair:3   | Noticed a six-headed hydra
 17277 | Lair:3   | Killed a three-headed hydra
 17321 | Lair:3   | Noticed a four-headed hydra
 17322 | Lair:3   | Noticed a death yak
 17338 | Lair:3   | Killed a one-headed hydra
 17343 | Lair:3   | Killed a death yak
 17344 | Lair:3   | Reached skill level 20 in Fighting
 17345 | Lair:3   | Identified the +0 ring mail of Pathos {rCorr Str+3 Stlth-}
                  | (Okawaru gifted it to you on level 3 of the Lair of Beasts)
 17345 | Lair:3   | Received a gift from Okawaru
 17532 | Lair:3   | Reached XP level 13. HP: 139/139 MP: 15/15
 17983 | Lair:3   | Identified a scroll of acquirement
 17983 | Lair:3   | Acquired a +1 crystal plate armour
 18341 | Lair:4   | Reached skill level 10 in Armour
 18341 | Lair:4   | Reached skill level 10 in Shields
 19012 | Lair:5   | Received a gift from Okawaru
 19298 | Lair:5   | Identified the +5 flail "Pogesat" {venom, *Noise rElec
                  | Int+2 Dex+3}
 19506 | Lair:6   | Entered Level 6 of the Lair of Beasts
 19616 | Lair:5   | Received a gift from Okawaru
 19841 | Lair:6   | Found the +3 robe of Clouds {*Thunder rCloud rElec}
 19864 | Lair:6   | Reached XP level 14. HP: 96/149 MP: 16/16
 20293 | Lair:6   | Found a staircase to the Slime Pits.
 20600 | Lair:6   | Reached skill level 10 in Maces & Flails
 20694 | Lair:6   | Identified the ring "Boethrui" {AC+4 Str+2}
 20942 | D:10     | Killed Psyche
 20984 | Orc:1    | Entered Level 1 of the Orcish Mines
 21016 | Orc:1    | Found Wiogejyu's Antique Weapon Shop.
 21431 | Orc:1    | Received a gift from Okawaru
 21558 | Orc:2    | Entered Level 2 of the Orcish Mines
 21565 | Orc:2    | Noticed Azrael
 21606 | Orc:1    | Killed Azrael
 22678 | Orc:2    | Found a staircase to the Elven Halls.
 22944 | Orc:2    | Found Siaqazej's Weapon Boutique.
 22949 | Orc:2    | Found Kamu's Antique Armour Shoppe.
 22954 | Orc:2    | Found Ojiuqisa's Magic Scroll Shop.
 22955 | Orc:2    | Found Wijihaz's Book Shop.
 22973 | Orc:2    | Found Nunkuwk's Book Shop.
 23055 | Orc:2    | Noticed aMcNicky's ghost (journeyman GrFi)
 23076 | Orc:2    | Found a runed translucent gate.
 23076 | Orc:2    | Found a runed translucent gate.
 23076 | Orc:2    | Found a runed translucent gate.
 23279 | Orc:2    | Killed aMcNicky's ghost
 23287 | Orc:2    | Received a gift from Okawaru
 23344 | Orc:2    | Acquired a scarf of resistance
 23549 | Snake:1  | Entered Level 1 of the Snake Pit
 23549 | Snake:1  | Found Biakhlata's Antique Weapon Shop.
 23554 | Snake:1  | Reached XP level 15. HP: 141/157 MP: 17/17
 24058 | Snake:1  | HP: 5/157 [poisoned by a naga mage (splash of poison)]
 24058 | Snake:1  | Slain by a naga

Illustrated notes

Levels and vault maps discovered:
D:1:      dpeg_arrival_boxorama, layout_loops_ring,
          chequers_ecumenical_altar_simple
D:2:      layout_rooms, serial_shops, shop, minmay_goblin_outpost
D:3:      layout_basic, corner_web_ring, hangedman_decor_clover_reticule,
          st_stairs_4, kennysheep_nondescript, minmay_diced_spiral, uniq_terence
D:4:      layout_rooms, portal_sewer_entry_f
D:5:      layout_loops_ring, chequers_serial_rivers_micro_d,
          kennysheep_cluttered_room, item_on_display_a, uniq_blork_the_orc
D:6:      layout_basic
D:7:      layout_basic, minmay_temple_entry_statues, patterned_corridor
D:8:      layout_rooms, lair_entry_dummy, serial_shops, nicolae_shop_waterfront,
          nicolae_concentric_dashed_squares_mild
D:9:      layout_loops_cross, overflow_temple_1_default, led_xom_imps,
          minmay_starry_boxes
D:10:     layout_basic, hangedman_misty_isle, uniq_maurice, uniq_maggie,
          uniq_psyche
D:11:     layout_basic, orc_0_dummy, serial_shops, shop, nicolae_shop_stone
D:12:     minmay_curly_fans, layout_gridville, drop_trap, serial_bayou_pond_c
Temple:   mainiacjoe_temple_big_plus
Lair:1:   layout_hall_layers, lemuel_fruit_tree, serial_bayou_shore_a
Lair:2:   layout_chaotic_city, evilmike_ambush [evilmike_ambush_outer_pillars,
          evilmike_ambush_inner_basic]
Lair:3:   layout_gridlike, minmay_shoals_entry_centaurs,
          guppyfry_snake_entry_island, chequers_serial_rivers_room_b,
          nzn_random_ring
Lair:4:   layout_gridlike, nicolae_volcano_entry_lava_flow, grunt_megastairs_2
Lair:5:   layout_hall_layers, chequers_serial_rivers_small_3,
          kilobyte_rumbling_trees
Lair:6:   grunt_lair_end_beastmaster, layout_layer_cave, slime_dummy,
          minivault_26
Snake:1:  layout_onion_interference, serial_shops,
          nicolae_shop_advertising_works [nicolae_subvault_shop_adworks],
          nicolae_shop_hallway_plus, nicolae_shop_hallway_plus,
          nicolae_lakefront_shop, grunt_megastairs_5
Orc:1:    layout_diamond_mine, special_room [special_room_orc], basic_altar,
          serial_shops, nicolae_shop_hallway_plus
Orc:2:    st_orc_open, layout_caves, maelrawn_ghost_gauntlet_escape,
          serial_shops, shop, nicolae_orc_lava_room, uniq_azrael

Skill      XL: |  1  2  3  4  5  6  7  8  9 10 11 12 13 14 |
---------------+-------------------------------------------+-----
Fighting       | 4 5 7 8 9 11 14 16 20 | 20.6
Maces & Flails | 5 8 9 12 | 12.3
Armour         | 6 9 12 14 | 14.8
Shields        | 6 9 12 14 | 14.8
Invocations    | 5 |  5.2
Long Blades    | |  2.4

Action                   |  1- 3 |  4- 6 |  7- 9 | 10-12 | 13-15 || total
-------------------------+-------+-------+-------+-------+-------++-------
Melee: Long sword        |    68 |    35 |       |   240 |   190 ||   533
       Headbutt          |     4 |    39 |    68 |   129 |   313 ||   553
       Whip              |       |   203 |   301 |   143 |       ||   647
       Flail             |       |       |       |       |   584 ||   584
       Demon whip        |       |       |       |       |    22 ||    22
Invok: Heroism           |       |       |       |    10 |    12 ||    22
  Use: Scroll            |     3 |     1 |    10 |     9 |    11 ||    34
       Potion            |       |       |     1 |     7 |       ||     8
 Stab: Invisible         |       |       |       |     3 |       ||     3
       Distracted        |       |       |       |     1 |       ||     1
       Sleeping          |       |       |       |     4 |       ||     4
       Petrified         |       |       |       |       |     4 ||     4
Armor: Scale mail        |    14 |       |       |       |       ||    14
       Plate armour      |    27 |   136 |   158 |       |       ||   321
       Ring mail         |       |       |    14 |   186 |    15 ||   215
       Crystal plate arm |       |       |       |       |   546 ||   546
Dodge: Dodged            |    20 |    66 |    85 |   127 |   116 ||   414
Block: Buckler           |    16 |    61 |    77 |    42 |       ||   196
       Tower shield      |       |       |       |   319 |  1049 ||  1368
       Reflection        |       |       |       |       |    12 ||    12

Table legend: (Time is in decaauts)
 A = Elapsed time spent in this place.
 B = Non-inter-level travel time spent in this place.
 C = Inter-level travel time spent in this place.
 D = Time resting spent in this place.
 E = Time spent auto-exploring this place.
 F = Levels seen in this place.
 G = Mean time per level.
                   A        B        C        D        E       F      G
               +--------+--------+--------+--------+--------+-----+--------+
         Total |  24507 |  22440 |   2067 |   5301 |  13080 |  23 | 1065.5 |
       Dungeon |  14172 |  12943 |   1229 |   3769 |   7452 |  12 | 1181.0 |
        Temple |    290 |    253 |     37 |      0 |    251 |   1 |  290.0 |
          Lair |   6583 |   6032 |    551 |    676 |   3933 |   6 | 1097.2 |
     Snake Pit |     31 |     31 |      0 |      0 |      0 |   1 |   31.0 |
  Orcish Mines |   2611 |   2364 |    247 |    856 |    822 |   2 | 1305.5 |
         Sewer |    818 |    818 |      0 |      0 |    622 |   1 |  818.0 |
               +--------+--------+--------+--------+--------+-----+--------+

Top non-repeatable levels by time:
     D:9: 1697 daAuts
   Orc:1: 1683 daAuts
     D:5: 1510 daAuts
    D:10: 1432 daAuts
  Lair:3: 1374 daAuts
     D:3: 1280 daAuts
     D:8: 1277 daAuts
     D:4: 1276 daAuts
  Lair:1: 1160 daAuts
    D:12: 1124 daAuts
  Lair:6: 1120 daAuts
    D:11: 1109 daAuts
  Lair:4: 1058 daAuts
  Lair:5: 1057 daAuts
     D:6: 981 daAuts
